 Dungeon Crawl Stone Soup version 0.27-a0-3-gcf006a40f5 (webtiles) character file.

Game seed: 13721700110668983372

1760 Conn the Firebug (level 9, 0/55 HPs)
             Began as an Octopode Fire Elementalist on Jan 1, 2021.
             Slain by an orc warrior
             ... wielding a +0 long sword
              (14 damage)
             ... on level 9 of the Dungeon.
             The game lasted 00:19:42 (6965 turns).

Conn the Firebug (Octopode Fire Elementalist)       Turns: 6965, Time: 00:19:43

Health: 0/55       AC:  3    Str:  8    XL:     9   Next: 7%
Magic:  8/15       EV: 14    Int: 20    God:
Gold:   136        SH:  0    Dex: 12    Spells: 11/17 levels left

rFire    . . .     SeeInvis .   e - +1 short sword
rCold    . . .     Faith    .   (no shield)
rNeg     . . .     Spirit   .   (helmet restricted)
rPois    +         Reflect  .   i - amulet of regeneration
rElec    .         Harm     .   d - ring of teleportation
rCorr    .         Rampage  .   (no ring)
Will     .....     Rnd*Tele +   (no ring)
Stlth    ++++......             (no ring)
HPRegen  0.58/turn              (no ring)
MPRegen  0.14/turn              (no ring)
                                (no ring)
                                (no ring)

@: no status effects
A: almost no armour, stealthy swim, amphibious, 8 rings, constrict 8, icy blue
scales 1, camouflage 1, poison resistance, gelatinous body 1
a: no special abilities


You were on level 9 of the Dungeon.
You visited 1 branch of the dungeon, and saw 9 of its levels.

You collected 266 gold pieces.
You spent 130 gold pieces at shops.

Inventory:

Hand Weapons
 e - a +1 short sword (weapon)
Jewellery
 d - a ring of teleportation (left tentacle)
 i - an amulet of regeneration (around mantle)
Wands
 a - a wand of acid (4)
 j - a wand of flame (1)
 n - a wand of polymorph (9)
Scrolls
 b - 7 scrolls of identify
 f - 2 scrolls of immolation
Potions
 c - a potion of flight
 k - a potion of brilliance {unknown}
 l - 2 potions of lignification {unknown}
 o - 2 potions of heal wounds
 p - a potion of invisibility {unknown}
 q - a potion of curing


   Skills:
 + Level 2.7 Fighting
 + Level 2.5 Short Blades
 + Level 3.6 Dodging
 + Level 5.6 Stealth
 + Level 0.3 Unarmed Combat
 + Level 4.5 Spellcasting
 * Level 5.6 Conjurations
 * Level 6.6 Fire Magic
 + Level 0.4 Evocations


You had 11 spell levels left.
You knew the following spells:

 Your Spells              Type           Power        Failure   Level
a - Foxfire               Conj/Fire      100%         1%          1
b - Conjure Flame         Conj/Fire      28%          3%          3
c - Searing Ray           Conj           52%          1%          2

Your spell library contained the following spells:

 Spells                   Type           Power        Failure   Level
 Magic Dart               Conj           100%         1%          1
 Inner Flame              Hex/Fire       17%          10%         3
 Sticky Flame             Conj/Fire      28%          10%         4
 Dazzling Flash           Conj/Hex       30%          12%         3
 Fireball                 Conj/Fire      14%          28%         5
 Fulminant Prism          Conj/Hex       7%           36%         4
 Iskenderun's Mystic Bla  Conj/Tloc      15%          36%         4


Dungeon Overview and Level Annotations

Branches:
Dungeon (9/15)                Orc (0/2) D:9
 Temple: D:4-7         Lair: D:8-11

Altars:
Ashenzari
Dithmenos
Elyvilon
Fedhas
Makhleb
Xom

Shops:
D:6 !


Innate Abilities, Weirdness & Mutations

You cannot wear most types of armour.
You are very stealthy in the water. (Stealth+)
You are amphibious.
You can wear up to eight rings at the same time.
You can use your tentacles to constrict eight enemies at once.
Your skin changes colour to match your surroundings (Stealth+).
Your rubbery body absorbs attacks. (AC +1, EV +1)
You are partially covered in icy blue scales. (AC +2)
Your system is resistant to poisons. (rPois)


Message History

Aiming: Polymorph
Press: ? - help, Shift-Dir - straight line, f - orc warrior
Aim: an orc warrior, wielding a +0 long sword and wearing a +0 chain mail (will become a bullfrog, a centaur, or a killer bee, chance to affect: 47%)
Okay, then.
Casting: Foxfire (safe; 1% risk of failure)
Confirm with . or Enter, or press ? or * to list all spells.
Okay, then.
Unknown command.
Unknown command.
Okay, then.
As you read the scroll labelled WUGUTE NUZAURA, it crumbles to dust.
You feel aware of your surroundings.
You sensed 1 altar.
It was a scroll of magic mapping.
The killer bee barely misses you. The killer bee stings you.
* * * LOW HITPOINT WARNING * * *
As you read the scroll labelled NOASIM QAMU, it crumbles to dust.
You feel as if something is helping you.
It was a scroll of remove curse.
The killer bee closely misses you.
The orc warrior hits you with a +0 long sword!
You die...

***,,,****,,,,,,,,*,,
*,*****,*,,****>*****
*,,,,,,,+,** *,,,,,*
*,,,,,,,*** *,*,***
*,,,,,,,* *,*,,,,
***#+#*** ******* #.#
*** #y# *,, #@# ***+*
**#o# *,,,, *,.o#
*,,,, **.###****
*****,,,, *.B,,,,,,*
*,,,+,,,, #.,,,,,,,*
*,***,,,,
#.,,,,,,,****,* *,,,,
#,,,,,,,,,,,,,* *,,,,
*,,,,,,,,****** *,,,,


You could see an orc warrior, a worker ant (asleep), a killer bee and an orc.

Vanquished Creatures
  Edmund (D:6)
  2 sky beasts (D:5)
  3 ogres
  2 centaurs
  2 bullfrogs (D:6)
  2 scorpions
  A crimson imp (D:5)
  4 howler monkeys
  3 hounds
  2 jellies (D:5)
  5 iguanas
  10 worker ants
  4 adders
  A shadow imp (D:6)
  3 white imps
  2 oozes
  An adder zombie (D:6)
  2 worms
  2 dart slugs
  6 leopard geckos
  10 orcs
  3 giant cockroaches
  A goblin (D:1)
  16 hobgoblins
  10 jackals
  7 kobolds
  2 quokkas
  A ball python (D:1)
  9 bats
  5 frilled lizards
  2 quokka skeletons (D:6)
  6 rats
130 creatures vanquished.

Vanquished Creatures (others)
  A howler monkey (D:5)
  An adder (D:5)
  An ufetubus (D:5)
  An orc (D:5)
  A quokka (D:5)
  361 foxfires
  3 plants (D:4)
369 creatures vanquished.

Grand Total: 499 creatures vanquished

Notes
Turn   | Place    | Note
-------+----------+-------------------------------------------
     0 | D:1      | Conn the Octopode Fire Elementalist began the quest for the
                  | Orb.
     0 | D:1      | Reached XP level 1. HP: 11/11 MP: 3/3
   223 | D:1      | Reached XP level 2. HP: 17/17 MP: 0/5
  1296 | D:1      | Reached XP level 3. HP: 10/21 MP: 6/6
  2111 | D:2      | Reached skill level 1 in Fighting
  2272 | D:2      | Reached XP level 4. HP: 28/28 MP: 3/7
  2699 | D:2      | You fall into a shaft and drop 1 floor!
  3798 | D:4      | Reached XP level 5. HP: 29/33 MP: 8/8
  3808 | D:4      | Learned a level 3 spell: Conjure Flame
  3811 | D:4      | Learned a level 2 spell: Searing Ray
  3882 | D:4      | Reached skill level 4 in Fire Magic
  3901 | D:4      | Reached skill level 1 in Short Blades
  4086 | D:4      | Reached XP level 6. HP: 38/38 MP: 6/10
  4242 | D:4      | Found a broken altar of Ashenzari.
  4646 | D:4      | Found a blossoming altar of Fedhas.
  4735 | D:4      | Reached XP level 7. HP: 43/43 MP: 6/11
  4954 | D:5      | Entered Level 5 of the Dungeon
  5058 | D:5      | HP: 1/43 [poisoned by a scorpion]
  5062 | D:5      | Noticed a wyvern
  5070 | D:5      | Reached skill level 5 in Fire Magic
  5106 | D:5      | Found a shimmering altar of Xom.
  5165 | D:5      | Gained mutation: Your system is resistant to poisons.
                  | (rPois) [potion of mutation]
  5165 | D:5      | Gained mutation: You are partially covered in icy blue
                  | scales. (AC +2) [potion of mutation]
  5313 | D:5      | Reached XP level 8. HP: 31/50 MP: 6/13
  5546 | D:5      | Found a burning altar of Makhleb.
  5751 | D:5      | Reached skill level 5 in Stealth
  6050 | D:6      | Found a shadowy altar of Dithmenos.
  6150 | D:6      | Noticed Edmund
  6217 | D:6      | Found Plog's Distillery.
  6249 | D:6      | Reached skill level 6 in Fire Magic
  6339 | D:6      | Killed Edmund
  6340 | D:6      | Reached skill level 5 in Conjurations
  6474 | D:6      | Bought a potion of heal wounds for 65 gold pieces
  6474 | D:6      | Bought a potion of heal wounds for 65 gold pieces
  6485 | D:6      | Found a white marble altar of Elyvilon.
  6901 | D:7      | Reached XP level 9. HP: 55/55 MP: 11/15
  6965 | D:9      | Slain by an orc warrior

Illustrated notes

Levels and vault maps discovered:
D:1:      dpeg_arrival_stone_temple_mockup, layout_loops_corners,
          kennysheep_flooded_box
D:2:      layout_loops_corners
D:3:      layout_basic
D:4:      layout_loops_ring, ashenzari_altar_1, fedhas_ov_isle_minmay,
          grunt_tough_drop
D:5:      layout_loops_ring, makhleb_grotto_becter, xom_confusion_cloud,
          kennysheep_generic_room_7
D:6:      layout_rooms, basic_altar, serial_shops, shop_statue,
          elyvilon_altar_1, uniq_edmund
D:7:      layout_basic, nzn_hepliaklqana_mist_gate,
          minmay_temple_entry_mini_moons, dk_noncrumbling_4, uniq_prince_ribbit1
D:8:      layout_cave_pools, yredelemnul_altar_generic,
          nicolae_ru_path_of_blood, serial_shops, shop, minmay_misc_feat_plants,
          grunt_ministairs_7, minmay_pinched_square
D:9:      layout_roguey, lemuel_round_altar, david_orc_4,
          kennysheep_just_a_vault

Skill      XL: |  1  2  3  4  5  6  7  8 |
---------------+-------------------------+-----
Stealth        | 3 4 5 |  5.6
Fighting       | 1 2 |  2.7
Fire Magic     | 4 5 6 |  6.6
Short Blades   | 1 2 |  2.5
Conjurations   | 2 4 5 |  5.6
Spellcasting   | 3 4 |  4.5
Dodging        | 3 |  3.6
Unarmed Combat | |  0.3
Evocations     | |  0.4

Action                   |  1- 3 |  4- 6 |  7- 9 || total
-------------------------+-------+-------+-------++-------
Melee: Unarmed           |    29 |       |       ||    29
       Constrict         |    15 |     8 |     9 ||    32
       Short sword       |    31 |    47 |    43 ||   121
       Tentacles         |     7 |     8 |     5 ||    20
 Cast: Foxfire           |    45 |    74 |    84 ||   203
       Searing Ray       |       |     2 |    11 ||    13
       Conjure Flame     |       |       |     2 ||     2
Evoke: Wand              |       |     1 |     4 ||     5
  Use: Scroll            |     2 |     5 |     5 ||    12
       Potion            |     1 |     5 |     5 ||    11
 Stab: Sleeping          |     3 |     4 |     5 ||    12
       Distracted        |       |       |     1 ||     1
Armor: Skin              |     6 |     3 |     9 ||    18
Dodge: Dodged            |    67 |    45 |    82 ||   194

Table legend: (Time is in decaauts)
 A = Elapsed time spent in this place.
 B = Non-inter-level travel time spent in this place.
 C = Inter-level travel time spent in this place.
 D = Time resting spent in this place.
 E = Time spent auto-exploring this place.
 F = Levels seen in this place.
 G = Mean time per level.
                   A        B        C        D        E       F      G
               +--------+--------+--------+--------+--------+-----+--------+
         Total |   6952 |   6850 |    102 |    432 |   4595 |   9 |  772.4 |
       Dungeon |   6952 |   6850 |    102 |    432 |   4595 |   9 |  772.4 |
               +--------+--------+--------+--------+--------+-----+--------+

Top non-repeatable levels by time:
     D:1: 1790 daAuts
     D:4: 1158 daAuts
     D:3: 1082 daAuts
     D:5: 1034 daAuts
     D:2: 911 daAuts
     D:6: 903 daAuts
     D:7: 67 daAuts
     D:8: 2 daAuts
     D:9: 1 daAuts
